AoeStats
← Ceki

Arabia

510727646Analyzed
1v1 RM · 15h ago on Oct 2, 2026· 36m 6s· 2 players
Game mode
Random Map
Map size
Tiny (2 player)
Population
200
Speed
Normal
Resources
Standard
Victory
Conquest
Starting age
Dark Age
Ending age
Imperial Age
RankedLock teamsTeams togetherTeam positionsShared explorationLock speedFull tech treeHidden civsTurbo modeCheats
Victory
Defeat
🇮🇳 Huns · India
1337
+17
🇷🇸 Vietnamese · Serbia
1363
-17
Baristan
6:20 Loom
8:58 Feudal Age
9:31 Double-Bit Axe
10:21 Horse Collar
17:33 Bloodlines
22:27 Castle Age
21:03 Gold Mining
22:09 Scale Barding Armor
22:15 Forging
25:39 Scale Mail Armor
25:55 Bow Saw
27:56 Chain Barding Armor
29:59 Iron Casting
31:03 Husbandry
Ceki
6:24 Loom
9:03 Feudal Age
9:26 Man-at-Arms
13:54 Double-Bit Axe
16:30 Fletching
16:57 Horse Collar
18:35 Wheelbarrow
23:28 Castle Age
22:55 Gold Mining
23:30 Crossbowman
24:07 Bodkin Arrow
26:09 Scale Mail Armor
26:26 Bow Saw
28:31 Pikeman
29:26 Heavy Plow
30:02 Chain Mail Armor
29:09 Pikeman
Connection lost

Rejoining the realm…

Still unreachable

The connection could not be restored.

Session expired

The server has moved on; the page needs a fresh start.